 Dungeon Crawl Stone Soup version 0.17-a0-1830-g81820eb (webtiles) character file.

96003 4thArraOfDagon the Brawler (level 15, -19/160 HPs)
             Began as a Troll Chaos Knight on Sept 13, 2015.
             Was an Elder of Cheibriados.
             Killed from afar by a deep elf annihilator (73 damage)
             ... with a crystal spear
             ... on level 3 of the Elven Halls.
             The game lasted 00:48:33 (8735 turns).

4thArraOfDagon the Brawler (Troll Chaos Knight)     Turns: 8735, Time: 00:48:34

Health: -19/160    AC: 16    Str: 39    XL:     15   Next: 68%
Magic:  10/20      EV: 22    Int: 23    God:    Cheibriados [****..]
Gold:   363        SH: 20    Dex: 21    Spells: 3 memorised, 11 levels left

rFire  . . .     SeeInvis .       - Unarmed
rCold  . . .     Clarity  .     o - +2 robe {Archmagi}
rNeg   . . .     SustAt   .     C - +5 shield {reflect}
rPois  .         Gourm    +     t - +2 hat
rElec  .         Spirit   .     l - +2 cloak
rCorr  +         Warding  .     (gloves unavailable)
rMut   .         Stasis   .     (boots unavailable)
MR     +....                    q - amulet of resist corrosion
Stlth  ++........               a - +4 ring of evasion
                                E - +4 ring of protection

@: mighty, very slow, somewhat resistant to hostile enchantments, unstealthy
A: unfitting armour, claws 3, thin skeletal structure 1, deterioration 2, fast
metabolism 3, gourmand, regeneration 2, robust 1, screaming 1, shaggy fur 1,
tough skin 2, subdued magic 1
a: Bend Time, Temporal Distortion, Slouch, Renounce Religion


You were on level 3 of the Elven Halls.
You worshipped Cheibriados.
Cheibriados was greatly pleased with you.
You were very full.

You visited 4 branches of the dungeon, and saw 23 of its levels.
You visited the Abyss 1 time.
You also visited: Ice Cave.

You collected 1732 gold pieces.
You spent 1369 gold pieces at shops.

Inventory:

Hand weapons
 B - a +0 blowgun
Missiles
 i - 9 large rocks (quivered)
 D - 7 curare-tipped needles
Armour
 l - a +2 cloak (worn)
 o - a +2 robe of the Archmagi (worn)
 t - a +2 hat (worn)
 C - a +5 shield of reflection (worn)
Rods
 e - a +0 rod of the swarm (16/16)
   (You found it on level 6 of the Dungeon)
Jewellery
 a - a +4 ring of evasion (right claw)
 c - a +2 ring of dexterity
 q - an amulet of resist corrosion (around neck)
 v - a +2 ring of strength
 x - an uncursed ring of magical power
 E - a +4 ring of protection (left claw)
 F - an uncursed ring of see invisible
 K - an uncursed ring of ice
Magical devices
 n - a wand of random effects (0)
 w - a wand of paralysis (10)
 A - a wand of digging (10)
 G - a wand of enslavement (4)
 J - a wand of slowing (13)
 L - a wand of fireball (6)
 N - a wand of digging (8)
 T - a wand of confusion (24)
Scrolls
 d - a scroll of fog
 g - 9 scrolls of remove curse
 j - a scroll of recharging
 k - 3 scrolls of enchant weapon
 m - 2 scrolls of enchant armour
 y - 2 scrolls of identify
 P - a scroll of brand weapon
 R - a scroll of fear
Potions
 p - 3 potions of curing
 r - a potion of cure mutation
Books
 s - a book of Party Tricks

   Spells                             Type                      Level
   a - Summon Butterflies             Summoning                    1
   b - Apportation                    Translocation                1
   c - Tukima's Dance                 Hexes                        3
   d - Alistair's Intoxication        Transmutation/Poison         4
   e - Invisibility                   Hexes                        6
 U - a book of Spatial Translocations

   Spells                             Type                      Level
   a - Apportation                    Translocation                1
   b - Blink                          Translocation                2
   c - Shroud of Golubria             Charms/Translocation         2
   d - Portal Projectile              Translocation                3
   e - Teleport Other                 Translocation                3
   f - Passage of Golubria            Translocation                4
Miscellaneous
 O - a disc of storms
 Q - a phial of floods
 S - a plain deck of summoning
Comestibles
 b - 9 bread rations
 f - 4 meat rations
 h - 6 beef jerkies
 u - 2 slices of pizza
 z - 4 fruits


   Skills:
 - Level 9.0 Fighting
 - Level 9.4 Dodging
 - Level 12.2 Shields
 - Level 15.2 Unarmed Combat
 + Level 2.4 Spellcasting
 * Level 4.5 Translocations
 - Level 9.3 Invocations


You had 11 spell levels left.
You knew the following spells:

 Your Spells              Type           Power        Failure   Level  Hunger
a - Apportation           Tloc           ###.......   1%          1    None
b - Blink                 Tloc           N/A          1%          2    ##.....
c - Passage of Golubria   Tloc           N/A          11%         4    ####...


Dungeon Overview and Level Annotations

Branches:
Dungeon (15/15)            Temple (1/1) D:4            Lair (0/8) D:11
    Orc (4/4) D:9             Elf (3/3) Orc:4        Vaults (0/5) D:14
 Depths: D:15

Altars:
Ashenzari
Cheibriados
Elyvilon
Fedhas
Gozag
Kikubaaqudgha
Makhleb
Ru
Yredelemnul
Zin
The Shining One

Shops:
D:6 [   D:14 ?   Orc:2 }*=((   Orc:4 *%[[   Elf:2 *

Portals:
Trove: D:10 (give +5 demon blade)

Annotations:
D:2 Terence
Elf:2 exclusion: Roxanne, Roxanne


Innate Abilities, Weirdness & Mutations

You are too large for most types of armour.
You have claws for hands.
Your metabolism is lightning-fast.
You like to eat raw meat.
You heal very quickly.
You are covered in fur (AC +1).
You have very tough skin (AC +2).
You have a somewhat thin skeletal structure (Dex +2, Stealth).
Your body often deteriorates upon taking damage.
You are robust (+10% HP).
You occasionally shout uncontrollably at your foes.
Your spells are a little easier to cast, but a little less powerful.


Message History

Unknown command.
You eviscerate the deep elf blademaster!!!
The deep elf blademaster is almost dead.
You hear a shout! x2
You block the deep elf blademaster's attack.
The deep elf blademaster barely misses you.
Unknown command.
Use which ability?
You can feel time thicken for a moment.
You kill the deep elf blademaster!
Cheibriados thoroughly appreciates the change of pace.
You can no longer step out of the time flow.
Cheibriados reduces the support of your attributes as your movement quickens.
You block the deep elf annihilator's attack.
Your magical contamination has completely faded away.
You mangle the deep elf annihilator!!
The deep elf annihilator is heavily wounded.
The deep elf annihilator casts a spell at you.
The crystal spear hits you!
You die...

.....#..## ##.## #...#
##.##....###...###...#
####..§..#.....##'###
#...§.....ee.e.e..#
##..1..#...e.##...#
#....###...##....+
..#.e## ##)##.#...#
......# ###)##...#
......ee. ##@#...#
.....##e. ##e)..#
#...# ... ##...#..#
#...#..# #...#..#
#...#..# #'###..#
#...#..# #...#..#


You could see a deep elf annihilator.

Vanquished Creatures
  A bone dragon (Abyss:4)
  A tentacled monstrosity (Abyss:3)
  2 deep elf blademasters (Elf:3)
  3 tentacled starspawn
  Donald (D:14)
  Maud (D:10)
  A deep elf sorcerer (Elf:3)
  5 deep elf demonologists
  A deep elf annihilator (Elf:3)
  A lorocyproca (Abyss:4)
  An ettin (D:12)
  A fire dragon (D:12)
  2 rakshasas (Abyss:4)
  2 ogre magi (Orc:4)
  8 dancing weapons (Elf:2)
  A tengu warrior (D:15)
  Urug (D:14)
  A shadow wraith (Abyss:4)
  Sonja (D:13)
  4 thrashing horrors
  8 deep elf knights
  2 ice devils (IceCv)
  4 wretched stars
  4 skeletal warriors (D:12)
  A giant orange brain (Abyss:4)
  2 deep trolls (Orc:4)
  3 deep elf summoners (Elf:2)
  4 hill giants
  2 ice statues (IceCv)
  A shadow demon (Abyss:4)
  A wizard (D:14)
  2 deep elf conjurers
  A harpy (D:12)
  3 cyclopes
  A shining eye (Abyss:3)
  An orc sorcerer (Orc:4)
  A manticore (D:12)
  5 centaur zombies
  An apocalypse crab (Abyss:4)
  A gargoyle (D:12)
  3 centaur skeletons
  3 efreet
  A rust devil (Abyss:2)
  2 smoke demons
  A hellwing (Abyss:4)
  2 komodo dragons
  4 ancient zymes (Abyss:4)
  2 kobold demonologists (D:12)
  11 trolls
  A freezing wraith (Abyss:3)
  4 blue devils (IceCv)
  A redback zombie (D:15)
  A troll (shapeshifter) (Elf:3)
  5 deep elf priests
  8 two-headed ogres
  Grinder (D:3)
  A raiju (shapeshifter) (Elf:3)
  A slime creature (shapeshifter) (Abyss:4)
  A slime creature (Abyss:4)
  7 large abominations
  A blink frog (Abyss:4)
  6 raiju
  An alligator zombie (Abyss:4)
  A tarantella (shapeshifter) (Abyss:2)
  A ynoxinul (Abyss:4)
  A vampire (D:13)
  15 humans
  10 starcursed masses (Abyss:4)
  8 deep elf magi
  A steam dragon (D:11)
  12 yaks
  A shadow (D:12)
  3 hungry ghosts
  5 deep elf fighters
  4 wargs (Orc:2)
  2 vampire mosquitoes (D:13)
  2 chaos spawn
  6 wolves (Orc:2)
  9 neqoxecs
  2 hippogriffs
  2 ice beasts
  4 phantoms
  7 orc warriors
  A wasp (D:11)
  A snapping turtle zombie (Abyss:4)
  27 ogres
  2 sky beasts (D:10)
  An eye of draining (Abyss:3)
  3 necrophages
  12 centaurs
  3 giant frogs
  A big kobold (D:12)
  A water moccasin zombie (D:6)
  A water moccasin skeleton (D:10)
  2 scorpions
  4 small abominations
  7 killer bees
  A troll zombie (D:9)
  An electric eel (Elf:3)
  A quasit (Abyss:4)
  3 crimson imps
  A giant frog zombie (D:11)
  2 iron imps
  4 jellies
  15 orc priests
  4 hounds
  2 iguanas
  A giant frog skeleton (D:11)
  21 orc wizards
  6 worker ants
  7 ogre zombies (D:9)
  A hound zombie (D:11)
  A hound skeleton (D:10)
  A worker ant zombie (D:11)
  A shadow imp (D:14)
  4 adders
  16 white imps
  9 ufetubi (IceCv)
  An adder skeleton (D:6)
  3 giant geckos
  125 orcs
  A bat (D:2)
  4 giant cockroaches
  A hobgoblin (D:1)
  3 jackals (D:6)
  5 quokkas
  3 giant newts
  2 goblins
  5 goblin skeletons (D:9)
  4 goblin zombies (D:9)
  A hobgoblin skeleton (D:9)
  2 kobolds (D:12)
  5 orc skeletons (D:9)
  9 orc zombies (D:9)
  2 rats
  A macabre mass (Abyss:3)
  2 starspawn tentacles (Abyss:4)
598 creatures vanquished.

Vanquished Creatures (others)
  A deep elf knight (Elf:1)
  2 cyclopes
  A deep elf fighter (Elf:3)
  A small abomination (Abyss:4)
  2 centaurs (D:12)
  An ufetubus (IceCv)
  2 orcs
  6 starspawn tentacles
  3 starspawn tentacle segments (Abyss:4)
19 creatures vanquished.

Grand Total: 617 creatures vanquished

Notes
Turn   | Place    | Note
--------------------------------------------------------------
     0 | D:1      | 4thArraOfDagon the Troll Chaos Knight began the quest for the Orb.
     0 | D:1      | Reached XP level 1. HP: 22/22 MP: 0/0
   106 | D:2      | Reached XP level 2. HP: 29/29 MP: 1/1
   175 | D:2      | Noticed Terence
   175 | D:2      | XOM: butterfly on damage
   200 | D:2      | XOM: silly message
   289 | D:3      | Noticed Grinder
   298 | D:3      | Paralysed by Grinder for 7 turns
   305 | D:3      | XOM: silly message
   322 | D:3      | Killed Grinder
   322 | D:3      | Reached skill level 5 in Unarmed Combat
   322 | D:3      | Reached XP level 3. HP: 11/37 MP: 2/2
   322 | D:3      | Reached XP level 4. HP: 13/45 MP: 3/3
   322 | D:3      | Reached XP level 5. HP: 15/53 MP: 4/4
   500 | D:4      | Noticed an ogre
   511 | D:4      | Killed an ogre
   511 | D:4      | Reached XP level 6. HP: 28/61 MP: 5/5
   530 | D:4      | You fall through a shaft!
   625 | D:6      | XOM: enchant monster (good)
   641 | D:6      | Reached skill level 6 in Unarmed Combat
   658 | D:5      | Entered Level 5 of the Dungeon
   740 | D:5      | Reached XP level 7. HP: 64/68 MP: 6/6
   784 | D:5      | Found a glowing golden altar of the Shining One.
   843 | D:6      | Found Giheymir's Antique Armour Emporium.
   908 | D:6      | Bought an embroidered cloak for 99 gold pieces
   967 | D:6      | XOM: smoke on damage
   968 | D:6      | XOM: enchant monster (bad)
   971 | D:6      | Reached skill level 1 in Shields
  1002 | D:6      | Identified a -1 rod of the swarm (14/14) (You found it on level 6 of the Dungeon)
  1090 | D:7      | XOM: confuse monster(s)
  1213 | D:7      | Reached XP level 8. HP: 75/78 MP: 7/7
  1300 | D:7      | Reached skill level 7 in Unarmed Combat
  1427 | D:7      | XOM: mild Divn miscast
  1586 | D:5      | Found a sacrificial altar of Ru.
  1615 | D:5      | XOM: colour smoke trail
  1688 | D:4      | XOM: mild Trmt miscast
  1831 | D:4      | Found a staircase to the Ecumenical Temple.
  1837 | Temple   | Entered the Ecumenical Temple
  1858 | Temple   | Fell from the grace of Xom
  1858 | Temple   | Became a worshipper of Cheibriados the Contemplative
  2067 | D:8      | Reached skill level 1 in Invocations
  2298 | D:9      | Reached skill level 8 in Unarmed Combat
  2307 | D:9      | Reached XP level 9. HP: 61/87 MP: 9/9
  2321 | D:9      | Reached skill level 5 in Fighting
  2327 | D:9      | Acquired Cheibriados's first power
  2380 | D:9      | Found a staircase to the Orcish Mines.
  2476 | D:9      | Reached skill level 5 in Dodging
  2630 | D:10     | Entered Level 10 of the Dungeon
  2644 | D:10     | Found a portal to a secret trove of treasure.
  2666 | D:10     | Reached skill level 5 in Shields
  2840 | D:11     | Reached skill level 9 in Unarmed Combat
  2893 | D:11     | Noticed a hill giant
  2906 | D:11     | Killed a hill giant
  2906 | D:11     | Reached XP level 10. HP: 41/96 MP: 11/11
  3032 | D:11     | Acquired Cheibriados's second power
  3143 | D:10     | Gained mutation: Your body sometimes deteriorates upon taking damage. [mutagenic meat]
  3144 | D:10     | Gained mutation: You are dopey. (Int -2) [mutagenic meat]
  3145 | D:10     | Gained mutation: You occasionally shout uncontrollably at your foes. [mutagenic meat]
  3146 | D:10     | Gained mutation: You are robust (+10% HP). [mutagenic meat]
  3147 | D:10     | Gained mutation: You have a somewhat thin skeletal structure (Dex +2, Stealth). [mutagenic meat]
  3226 | D:11     | XOM: mild Fire miscast
  3239 | D:11     | Found a staircase to the Lair.
  3306 | D:12     | Noticed a manticore
  3404 | D:13     | You fall through a shaft for 2 floors!
  3404 | D:15     | Entered Level 15 of the Dungeon
  3404 | D:15     | Noticed a cyclops
  3420 | D:15     | Killed a cyclops
  3420 | D:15     | Reached skill level 10 in Unarmed Combat
  3494 | D:15     | Noticed a tengu warrior
  3502 | D:15     | Killed a tengu warrior
  3527 | D:14     | XOM: noise
  3533 | D:14     | Acquired Cheibriados's third power
  3579 | D:15     | Reached XP level 11. HP: 101/115 MP: 13/13
  3590 | D:14     | Noticed a skeletal warrior
  3639 | D:14     | Noticed Urug
  3641 | D:15     | Reached skill level 5 in Invocations
  3681 | D:14     | Killed Urug
  3685 | D:14     | Found Kokiuroc's Magic Scroll Boutique.
  3703 | D:14     | Noticed a wizard
  3706 | D:14     | Noticed Donald
  3715 | D:14     | Killed Donald
  3715 | D:14     | Reached skill level 11 in Unarmed Combat
  3722 | D:14     | Killed a wizard
  3756 | D:14     | Found a gate to the Vaults.
  3821 | D:14     | Noticed a six-headed hydra
  3869 | D:14     | Noticed a red ugly thing
  3870 | D:14     | Noticed a red ugly thing
  3870 | D:14     | Noticed a red ugly thing
  3870 | D:14     | Noticed a red ugly thing
  3870 | D:14     | Noticed a red ugly thing
  3870 | D:14     | Noticed a red ugly thing
  3871 | D:14     | XOM: enchant monster (bad)
  4016 | D:13     | Acquired Cheibriados's fourth power
  4020 | D:13     | XOM: mild Fire miscast
  4043 | D:12     | Noticed a hill giant
  4050 | D:12     | Killed a hill giant
  4060 | D:12     | Killed a manticore
  4063 | D:12     | Reached XP level 12. HP: 75/126 MP: 11/15
  4156 | D:12     | Noticed an ettin
  4167 | D:12     | Killed an ettin
  4206 | D:12     | Reached skill level 12 in Unarmed Combat
  4270 | D:12     | Noticed a fire dragon
  4273 | D:12     | Noticed a cyclops
  4303 | D:12     | Killed a cyclops
  4400 | D:12     | Killed a fire dragon
  4410 | D:12     | Noticed a harpy
  4420 | D:12     | Killed a harpy
  4471 | D:12     | XOM: mild Pois miscast
  4534 | D:12     | Noticed a cyclops
  4539 | D:12     | Killed a cyclops
  4627 | D:13     | Noticed Sonja
  4630 | D:13     | Killed Sonja
  4764 | D:11     | XOM: mild Pois miscast
  4885 | D:10     | Noticed Maud
  4891 | D:10     | Noticed a centaur skeleton
  4902 | D:10     | Killed Maud
  4905 | D:10     | Killed a centaur skeleton
  4996 | D:9      | Reached XP level 13. HP: 135/139 MP: 17/17
  5040 | D:9      | XOM: medium Divn miscast
  5051 | D:9      | XOM: medium Divn miscast
  5058 | Orc:1    | Entered Level 1 of the Orcish Mines
  5075 | Orc:1    | XOM: enchant monster (bad)
  5088 | Orc:1    | XOM: god gift: 8 needles of confusion
  5134 | Orc:2    | Found Jautite's Gadget Shop.
  5165 | Orc:2    | Found Kaifovvi's Assorted Antiques.
  5199 | Orc:2    | Bought 2 potions of agility for 176 gold pieces
  5199 | Orc:2    | Bought a potion of might for 88 gold pieces
  5199 | Orc:2    | Bought a scroll of identify for 44 gold pieces
  5199 | Orc:2    | Bought a scroll of identify for 44 gold pieces
  5200 | Orc:2    | Found Arietezi's Jewellery Boutique.
  5267 | Orc:2    | Found Nenkotyvea's Weapon Shop.
  5269 | Orc:2    | Found Osyhiekh's Antique Weapon Emporium.
  5289 | Orc:2    | XOM: confuse monster(s)
  5546 | Orc:4    | Entered Level 4 of the Orcish Mines
  5546 | Orc:4    | Found Mulokura's Assorted Antiques.
  5553 | Orc:4    | Reached skill level 13 in Unarmed Combat
  5554 | Orc:4    | Reached skill level 10 in Shields
  5880 | Orc:4    | Found Qaoghast's Food Boutique.
  5944 | Orc:4    | Found Yjorroc's Antique Armour Emporium.
  5952 | Orc:4    | Paralysed by an orc sorcerer for 3 turns
  6012 | Orc:4    | Found Exteimew's Assorted Antiques.
  6109 | Orc:4    | Found Onnuir's Armour Boutique.
  6140 | Orc:4    | XOM: medium Hex miscast
  6242 | Orc:4    | Found a staircase to the Elven Halls.
  6254 | Elf:1    | Entered Level 1 of the Elven Halls
  6391 | Elf:2    | Found a frozen archway.
  6391 | Elf:2    | Noticed a deep elf demonologist
  6399 | Elf:2    | Killed a deep elf demonologist
  6420 | IceCv    | Entered an ice cave
  6668 | Elf:2    | XOM: stat loss: -3 Dex (23/26)
  6677 | Elf:2    | XOM: medium Tloc miscast
  6699 | Elf:2    | Reached XP level 14. HP: 127/150 MP: 19/19
  6701 | Elf:2    | Found Bitwif's Assorted Antiques.
  6713 | Elf:2    | Bought a forked glass wand for 108 gold pieces
  6713 | Elf:2    | Bought a wooden wand for 108 gold pieces
  6713 | Elf:2    | Bought a gold wand for 108 gold pieces
  6713 | Elf:2    | Bought a tapered bone wand for 108 gold pieces
  6715 | Elf:2    | Bought a scroll of teleportation for 81 gold pieces
  6715 | Elf:2    | Bought 2 scrolls of blinking for 405 gold pieces
  6753 | Elf:1    | Noticed a deep elf demonologist
  6756 | Elf:1    | Killed a deep elf demonologist
  6853 | Elf:3    | Entered Level 3 of the Elven Halls
  6929 | Elf:2    | Noticed Roxanne
  6975 | Elf:2    | Reached skill level 14 in Unarmed Combat
  7034 | Elf:2    | XOM: mild Conj miscast
  7078 | Elf:2    | XOM: mild Trmt miscast
  7138 | Elf:2    | Found a runed gate.
  7138 | Elf:2    | Found a runed gate.
  7139 | Elf:2    | Found a runed gate.
  7359 | Elf:3    | Noticed a Hell Sentinel
  7361 | Elf:3    | Cast into the Abyss (a deep elf demonologist)
  7507 | Abyss:2  | Found a corrupted altar of Lugonu.
  7515 | Abyss:2  | Lost mutation: You are very dopey. (Int -4) [a neqoxec]
  7599 | Abyss:3  | Noticed a tentacled monstrosity
  7617 | Abyss:3  | Killed a tentacled monstrosity
  7637 | Abyss:3  | Gained mutation: Your spells are a little easier to cast, but a little less powerful. [a neqoxec]
  7697 | Abyss:3  | Noticed a tentacled starspawn
  7709 | Abyss:3  | Killed a tentacled starspawn
  7733 | Abyss:4  | Found a corrupted altar of Lugonu.
  7739 | Abyss:4  | XOM: medium Tloc miscast
  7826 | Abyss:4  | Noticed a tentacled starspawn
  7842 | Abyss:4  | Killed a tentacled starspawn
  7863 | Abyss:4  | Noticed a bone dragon
  7880 | Abyss:4  | Killed a bone dragon
  7880 | Abyss:4  | Reached XP level 15. HP: 91/160 MP: 20/20
  7924 | Abyss:4  | Reached skill level 15 in Unarmed Combat
  7999 | Abyss:4  | Noticed a tentacled starspawn
  8019 | Abyss:4  | Killed a tentacled starspawn
  8285 | Abyss:4  | Learned a level 1 spell: Apportation
  8291 | Abyss:4  | Learned a level 2 spell: Blink
  8296 | Abyss:4  | Learned a level 4 spell: Passage of Golubria
  8320 | Abyss:4  | Gained mutation: Your body often deteriorates upon taking damage. [a neqoxec]
  8341 | Abyss:4  | Noticed an Executioner
  8349 | Abyss:4  | Reached skill level 1 in Translocations
  8452 | Abyss:4  | Reached skill level 1 in Spellcasting
  8510 | Abyss:4  | Paralysed by accursed screaming for 1 turns
  8512 | Abyss:5  | Entered Level 5 of the Abyss
  8519 | Elf:3    | Escaped the Abyss
  8523 | Elf:3    | Noticed an Ice Fiend
  8527 | Elf:3    | Noticed a deep elf blademaster
  8534 | Elf:3    | Noticed a deep elf sorcerer
  8550 | Elf:3    | Killed a deep elf blademaster
  8627 | Elf:3    | Noticed a deep elf sorcerer
  8639 | Elf:3    | Killed a deep elf sorcerer
  8667 | Elf:3    | XOM: 1-stop teleportation journey
  8668 | Elf:3    | Noticed a deep elf master archer
  8672 | Elf:3    | Noticed a Shadow Fiend
  8714 | Elf:3    | Noticed a deep elf blademaster
  8734 | Elf:3    | Killed a deep elf blademaster
  8735 | Elf:3    | Killed from afar by a deep elf annihilator

Vault maps used:
D:1:      elethiomel_arrival_quiet
D:2:      uniq_natasha, uniq_terence
D:3:      nicolae_overflow_crystal_walls, uniq_grinder
D:4:      okawaru_altar_gauntlet_db, minmay_temple_entry_hall
D:5:      nicolae_ru_path_of_blood, first_bread, basic_altar
D:6:      serial_shops, shop, serial_bayou_pond_e
D:7:      forest_paths
D:8:      serial_shops, nicolae_shop_temple_entry_statues_fountains,
          grunt_ogre_cave, minivault_26, uniq_maurice
D:9:      zombieorc2_lemuel, kennysheep_generic_room_8
D:10:     enter_trove_0, uniq_maud
D:11:     lair_0_dummy, kennysheep_generic_room_4
D:12:     minmay_outward_triangles
D:13:     moated_statue, minmay_item_behind_shaft, uniq_sonja
D:14:     lemuel_ice_statue, david_vaults_3, serial_shops, shop,
          hangedman_abyss_or_decor_passed, serial_column_ruins,
          column_ruins_temple_circle, column_ruins_square_medium,
          column_ruins_open_tiny, column_ruins_grid_3, column_ruins_grid_4,
          column_ruins_grid_3, column_ruins_columns_T, lab_entry_generic,
          uniq_urug
D:15:     hangedman_depths_entry_try_elsewhere_first
Temple:   nicolae_temple_elliptical
Orc:2:    serial_shops, shop, nicolae_shop_statue_plus, shop, shop,
          shop_fountains, mines5_lemuel
Orc:3:    nicolae_orc_pool_cavern
Orc:4:    st_orc_open, serial_shops, shop_fountains, mumra_transporter_accident
Elf:1:    eino_elf_arrival_shootout, kennysheep_underground_church,
          bh_hangedman_babel_library, uniq_asterion
Elf:2:    portal_ice_cave_entry_imps, serial_shops, shop, uniq_wiglaf,
          uniq_jorgrun, uniq_roxanne
Elf:3:    grunt_elf_hall_diamonds, uniq_saint_roka, uniq_norris
Abyss:3:  hangedman_decor_riveting
Abyss:4:  evilmike_abyss_exit_9, evilmike_abyss_exit_10, due_abyss_rune
Abyss:5:  evilmike_abyss_rune_siren, minivault_11
IceCv:    ice_cave_small_demon

Action                   |  1- 3 |  4- 6 |  7- 9 | 10-12 | 13-15 || total
-------------------------+-------+-------+-------+-------+-------++-------
Melee: Unarmed           |    28 |    60 |   348 |   520 |   965 ||  1921
Throw: Large rock        |       |       |       |    12 |    36 ||    48
Invok: Temporal Distorti |       |       |       |     4 |       ||     4
       Slouch            |       |       |       |     2 |    20 ||    22
Evoke: Wand              |       |       |       |     2 |     8 ||    10
  Use: Potion            |     3 |     1 |     3 |     3 |     5 ||    15
       Scroll            |       |     6 |     4 |     6 |    12 ||    28
 Stab: Confused          |       |       |     1 |       |     2 ||     3
       Distracted        |       |       |       |     1 |     2 ||     3
       Sleeping          |       |       |       |     1 |     1 ||     2
  Eat: Chunk             |     8 |     2 |    24 |    22 |    29 ||    85
